 Seeded DCSS version 0.25-a0-1004-g47ef49a (webtiles) character file.

Game seed: 6431695635927419459, levelgen mode: deterministic

2238 lyrin the Chopper (level 9, -3/66 HPs)
             Began as a Mummy Gladiator on May 11, 2020.
             Was a Follower of Kikubaaqudgha.
             Shot with an arrow by a centaur (9 damage)
             ... on level 9 of the Dungeon.
             The game lasted 00:27:46 (15331 turns).

lyrin the Chopper (Mummy Gladiator)                Turns: 15331, Time: 00:27:46

Health: -3/66      AC:  5    Str: 18    XL:     9   Next: 14%
Magic:  0/9        EV: 10    Int: 10    God:    Kikubaaqudgha [*.....]
Gold:   372        SH:  9    Dex: 13    Spells: 8/8 levels left

rFire    . . .     SeeInvis .   u - +2 hand axe (flame)
rCold    + . .     Gourm    .   m - +0 kite shield
rNeg     + + +     Faith    .   b - +0 leather armour
rPois    ∞         Spirit   +   c - +0 helmet
rElec    .         Reflect  .   (no cloak)
rCorr    .         Harm     .   (no gloves)
MR       +....                  k - +0 pair of boots
Stlth    +.........             B - amulet of guardian spirit
HPRegen  0.21/turn              (no ring)
MPRegen  0.11/turn              w - ring of protection from fire

@: no status effects
A: no food or potions, fire vulnerability, cold resistance 1, negative energy
resistance 3, torment resistance, unbreathing
a: Receive Corpses, Renounce Religion


You were on level 9 of the Dungeon.
You worshipped Kikubaaqudgha.
Kikubaaqudgha was aware of your devotion.
You were not hungry.

You visited 2 branches of the dungeon, and saw 11 of its levels.
You also visited: Ossuary.

You collected 372 gold pieces.

Inventory:

Hand Weapons
 a - a +0 war axe
 j - a +0 dagger
 q - a +0 rapier
 s - a +0 dagger of venom
 u - a +2 hand axe of flaming (weapon)
Missiles
 d - 2 throwing nets (quivered)
 i - 5 atropa-tipped darts
 z - 12 poisoned darts
Armour
 b - a +0 leather armour (worn)
 c - a +0 helmet (worn)
 k - a +0 pair of boots (worn)
 m - a +0 kite shield (worn)
 n - a cursed +0 chain mail
 r - a +0 scale mail
Jewellery
 w - a ring of protection from fire (right hand)
 B - an amulet of guardian spirit (around neck)
Wands
 t - a wand of enslavement (7)
 v - a wand of acid (1)
Scrolls
 e - 2 scrolls of amnesia
 g - a scroll of teleportation
 h - 5 scrolls of remove curse
 l - a scroll of identify
 o - 2 scrolls of fog
 p - a scroll of magic mapping
 x - 4 scrolls of enchant weapon
 y - a scroll of enchant armour {unknown}
 A - a scroll of blinking {unknown}
Comestibles
 f - 16 rations


   Skills:
 + Level 4.6 Fighting
 + Level 7.1 Axes
 - Level 1.5 Throwing
 + Level 4.2 Armour
 - Level 3.0 Dodging
 - Level 0.1 Stealth
 + Level 3.7 Shields
 + Level 2.6 Necromancy
 - Level 0.7 Evocations


You had 8 spell levels left.
You didn't know any spells.
Your spell library contained the following spells:

 Spells                   Type           Power        Failure   Level  Hunger
 Animate Skeleton         Necr           N/A          54%         1    N/A
 Pain                     Necr           #...         54%         1    N/A
 Corpse Rot               Necr/Air       N/A          86%         2    N/A
 Magic Dart               Conj           #...         88%         1    N/A
 Vampiric Draining        Necr           #.........   89%         3    N/A
 Blink                    Tloc           N/A          96%         2    N/A
 Call Imp                 Summ           #.......     96%         2    N/A
 Slow                     Hex            #.......     96%         2    N/A
 Conjure Flame            Conj/Fire      #.......     99%         3    N/A
 Mephitic Cloud           Conj/Pois/Air  #.......     99%         3    N/A

Dungeon Overview and Level Annotations

Branches:
Dungeon (10/15)            Temple (1/1) D:4         Ossuary (visited)
   Lair: D:8-11         Orc: D:9-12

Altars:
Ashenzari
Cheibriados
Elyvilon
Fedhas
Gozag
Hepliaklqana
Kikubaaqudgha
Makhleb
Nemelex Xobeh
Okawaru
Ru
Sif Muna
Trog
Wu Jian
Xom
Yredelemnul
Zin
The Shining One


Innate Abilities, Weirdness & Mutations

You do not eat or drink.
Your flesh is vulnerable to fire.
You are immune to poison.
Your flesh is cold resistant. (rC+)
You are immune to negative energy. (rN+++)
You are immune to unholy pain and torment.
You can survive without breathing.


Message History

A gnoll and a gnoll sergeant come into view.
The gnoll sergeant shouts!
The gnoll shouts!
The gnoll sergeant throws a stone.
You block the stone.
The gnoll moves out of view.
You see here a stone.
A gnoll comes into view.
The gnoll sergeant hits you from afar with a +0 spear.
* * * LOW HITPOINT WARNING * * *
The gnoll sergeant closely misses you. The ogre barely misses you.
A centaur comes into view.
The centaur shouts!
The centaur wields a cursed -3 shortbow.
The centaur shoots an arrow.
The arrow barely misses you.
You see here an arrow.
The gnoll sergeant throws a stone.
You block the stone.
You see here a stone.
The centaur shoots an arrow.
The arrow hits you!
You die...
Kikubaaqudgha rasps: "You have failed me!
Welcome... oblivion!"

########################*********
.....(....g..O.(@......<,,,,,,,,,
######....gg.(..#######.,,,,,,,,,
#.#######..#******,,,,,,,,,,
######.#*****#.....,,,,,,,,,,,,,,
......g.,,,,,........,,,,,,,,,,,,
[.......,,,,...c......,,,,,,,,,,,
).......g,,...........,,,,,,,,,,*
.........,............,,,,,,,,,,*
..........,...........,,,,,,,,,,,


You could see an ogre, a gnoll sergeant, a centaur and 2 gnolls.

Vanquished Creatures
  An orc warrior (D:6)
  2 ice beasts
  2 sky beasts
  2 ogres
  A centaur (D:5)
  A bullfrog (D:7)
  A jelly (D:10)
  2 scorpions (D:7)
  3 wights
  2 crimson imps
  A centaur zombie (D:6)
  5 howler monkeys
  3 hounds
  A bullfrog skeleton (D:7)
  5 orc priests
  3 iguanas
  An orc wizard (D:6)
  11 worker ants
  A mummy (Ossuary)
  A gnoll (D:9)
  9 adders
  2 river rats (D:4)
  A shadow imp (D:9)
  An ooze (D:3)
  5 worms
  2 dart slugs
  4 leopard geckos
  21 orcs
  11 bats
  9 giant cockroaches
  7 goblins
  4 hobgoblins
  5 jackals
  5 quokkas
  A ball python (D:3)
  9 frilled lizards
  A giant cockroach zombie (D:5)
  2 hobgoblin zombies (Ossuary)
  9 kobolds
  3 kobold zombies (Ossuary)
  2 leopard gecko zombies
  3 orc zombies (Ossuary)
  A quokka skeleton (D:5)
  9 rats
175 creatures vanquished.

Notes
Turn   | Place    | Note
-------+----------+-------------------------------------------
     0 | D:1      | lyrin the Mummy Gladiator began the quest for the Orb.
     0 | D:1      | Reached XP level 1. HP: 16/16 MP: 1/1
   307 | D:1      | Reached XP level 2. HP: 22/22 MP: 2/2
  1014 | D:2      | Found a glowing golden altar of the Shining One.
  1225 | D:2      | Reached skill level 3 in Axes
  1225 | D:2      | Reached XP level 3. HP: 27/27 MP: 3/3
  1599 | D:2      | Reached skill level 1 in Armour
  2287 | D:3      | Reached XP level 4. HP: 17/34 MP: 4/4
  3942 | D:3      | Reached XP level 5. HP: 35/39 MP: 5/5
  4590 | D:4      | Reached skill level 4 in Axes
  4590 | D:4      | Reached skill level 1 in Shields
  4735 | D:4      | Reached XP level 6. HP: 39/46 MP: 6/6
  4783 | D:4      | Found a sand-covered staircase.
  4803 | Ossuary  | Entered an ossuary
  6607 | D:4      | Found a staircase to the Ecumenical Temple.
  6622 | Temple   | Entered the Ecumenical Temple
  6739 | Temple   | Became a worshipper of Kikubaaqudgha
  7463 | D:4      | Reached XP level 7. HP: 49/52 MP: 7/7
  7775 | D:5      | Entered Level 5 of the Dungeon
  8379 | D:5      | Reached skill level 5 in Axes
  8849 | D:5      | Reached skill level 1 in Necromancy
 10121 | D:6      | Found a sacrificial altar of Ru.
 10264 | D:6      | Reached XP level 8. HP: 52/60 MP: 8/8
 12182 | D:7      | Reached skill level 6 in Axes
 12614 | D:7      | Reached * piety under Kikubaaqudgha
 12614 | D:7      | Identified Kikubaaqudgha's Volume of Evil Magic
                  | (Kikubaaqudgha gifted it to you on level 7 of the Dungeon)
 12614 | D:7      | Received a gift from Kikubaaqudgha
 13089 | D:6      | HP: 1/60 [orc warrior/+0 halberd (17)]
 13123 | D:6      | Found a sacrificial altar of Ru.
 14107 | D:7      | Found a shimmering altar of Xom.
 14159 | D:7      | Found a shimmering altar of Xom.
 14160 | D:7      | Found a shimmering altar of Xom.
 14243 | D:7      | You fall into a shaft and drop 3 floors!
 14243 | D:10     | Entered Level 10 of the Dungeon
 14336 | D:10     | Reached XP level 9. HP: 27/66 MP: 9/9
 14591 | D:9      | Noticed a troll
 14662 | D:9      | Noticed a gargoyle
 14785 | D:9      | Reached skill level 7 in Axes
 14850 | D:9      | Noticed a two-headed ogre
 15331 | D:9      | Shot with an arrow by a centaur

Illustrated notes

Levels and vault maps discovered:
D:1:      dpeg_arrival_subterranean_lakeside_camping, layout_loops_ring,
          chequers_serial_rivers_micro_c
D:2:      layout_loops_ring, tso_oasis_becter, kennysheep_generic_room_10
D:3:      layout_rooms, first_ration
D:4:      minmay_evil_eye, layout_loops_cross, minmay_temple_entry_mist,
          lightli_sewer_entry_pipes, enter_ossuary_1
D:5:      layout_cave_pods
D:6:      layout_basic, chequers_mini_garden,
          nicolae_ru_great_annihilating_truth
D:7:      layout_loops_ring, nicolae_overflow_hidden_temple, xom_redecorated
D:8:      minmay_s_stair_smasher, layout_loops_ring,
          eat_drink_and_be_merry_uskayaw
D:9:      minmay_spotlight, layout_long_grid, blue_anna_alchemist
          [blue_anna_fruit_fields, blue_anna_fruit_fields]
D:10:     layout_gridville, minivault_10, uniq_erica, uniq_urug, uniq_psyche
Temple:   minmay_crystal_spiral_temple

Skill      XL: |  1  2  3  4  5  6  7  8  9 |
---------------+----------------------------+-----
Axes           | 3 4 5 6 7 |  7.1
Armour         | 1 2 3 4 |  4.2
Dodging        | 3 |  3.0
Shields        | 1 2 3 |  3.7
Fighting       | 3 4 |  4.6
Necromancy     | 2 |  2.6
Throwing       | |  1.5
Stealth        | |  0.1
Evocations     | |  0.7

Action                   |  1- 3 |  4- 6 |  7- 9 || total
-------------------------+-------+-------+-------++-------
Melee: War axe           |   150 |   301 |   149 ||   600
       Hand axe          |       |       |   210 ||   210
Throw: Dart              |     1 |       |    16 ||    17
       Throwing net      |       |       |     4 ||     4
Evoke: Wand              |       |       |    16 ||    16
  Use: Scroll            |       |     3 |    10 ||    13
 Stab: Distracted        |       |       |     1 ||     1
       Invisible         |       |       |     1 ||     1
       Paralysed         |       |       |     1 ||     1
       Held in net/web   |       |       |     1 ||     1
Armor: Leather armour    |    75 |    96 |    84 ||   255
Dodge: Dodged            |   124 |   153 |   131 ||   408
Block: Kite shield       |       |   148 |   158 ||   306

Table legend:
 A = Non-vault XP
 B = Vault XP
 C = Vault XP percentage of total XP
 D = Non-vault monster count
 E = Vault monster count
 F = Vault count percentage of total count
                 A         B        C        D         E       F
            +---------+---------+-------+---------+---------+-------
      Total |    2846 |     352 |  11.0 |     135 |      40 |  22.9
            +---------+---------+-------+---------+---------+-------
        D:1 |      20 |      10 |  33.3 |      13 |       6 |  31.6
        D:2 |     105 |       4 |   3.7 |      22 |       2 |   8.3
        D:3 |     180 |      49 |  21.4 |      25 |       2 |   7.4
        D:4 |     200 |     188 |  48.5 |      15 |      16 |  51.6
        D:5 |     669 |       0 |   0.0 |      17 |       0 |   0.0
        D:6 |     651 |      18 |   2.7 |      13 |       4 |  23.5
        D:7 |     651 |       0 |   0.0 |      16 |       0 |   0.0
        D:8 |      59 |       0 |   0.0 |       1 |       0 |   0.0
        D:9 |     239 |       0 |   0.0 |      12 |       0 |   0.0
       D:10 |      72 |      57 |  44.2 |       1 |       1 |  50.0
    Ossuary |       0 |      26 | 100.0 |       0 |       9 | 100.0
            +---------+---------+-------+---------+---------+-------
